 Dungeon Crawl Stone Soup version 0.25-a0-571-gb5e01bddfa (webtiles) character file.

Game seed: 15123862379025902527, levelgen mode: deterministic

25652 Flugslaktarn the Cleaver (level 12, -7/114 HPs)
             Began as a Deep Dwarf Fighter on Feb 29, 2020.
             Was an Elder of Makhleb.
             Mangled by a komodo dragon (16 damage)
             ... on level 3 of the Lair of Beasts.
             The game lasted 00:06:21 (7805 turns).

Flugslaktarn the Cleaver (Deep Dwarf Fighter)       Turns: 7805, Time: 00:06:22

Health: -7/114     AC: 17    Str: 25    XL:     12   Next: 91%
Magic:  13/13      EV:  7    Int: 13    God:    Makhleb [****..]
Gold:   820        SH: 12    Dex: 15    Spells: 11/11 levels left

rFire    + . .     SeeInvis +   E - +8 hand axe "Hiturhes" {freeze, rF+ Int+4 Dex+3}
rCold    . . .     Gourm    .   c - +0 kite shield
rNeg     . . .     Faith    .   m - +0 chain mail
rPois    .         Spirit   .   C - +2 hat
rElec    .         Reflect  .   N - +1 cloak
rCorr    +         Harm     .   (no gloves)
MR       +....                  I - +1 pair of boots
Stlth    ..........             (no amulet)
HPRegen  0.00/turn              k - ring of resist corrosion
MPRegen  0.13/turn              i - ring of see invisible

@: about to teleport, non-regenerating, heavily drained
A: damage resistance, heal wounds, sense surroundings 2, no regeneration
a: Heal Wounds, Minor Destruction, Lesser Servant of Makhleb, Major Destruction,
Renounce Religion


You were on level 3 of the Lair of Beasts.
You worshipped Makhleb.
Makhleb was greatly pleased with you.
You were not hungry.

You visited 3 branches of the dungeon, and saw 15 of its levels.
You also visited: Sewer and Bailey.

You collected 820 gold pieces.

Inventory:

Hand Weapons
 a - a +0 war axe
 E - the +8 hand axe "Hiturhes" (weapon) {freeze, rF+ Int+4 Dex+3}
   (You found it on level 5 of the Dungeon)

   It has been specially enchanted to freeze those struck by it, causing extra
   injury to most foes and up to half again as much damage against particularly
   susceptible opponents.
   It can also slow down cold-blooded creatures.
   It affects your intelligence (+4).
   It affects your dexterity (+3).
   It protects you from fire.
 M - a +2 hand axe of electrocution
   (You took it off an orc on level 8 of the Dungeon)
 Q - a +1 broad axe
   (You took it off an orc warrior in a bailey)
Missiles
 H - 2 throwing nets (quivered)
Armour
 c - a +0 kite shield (worn)
 m - a +0 chain mail (worn)
   (You found it on level 3 of the Dungeon)
 C - a +2 hat (worn)
   (You found it on level 5 of the Dungeon)
 D - a +0 helmet
   (You found it on level 2 of the Lair of Beasts)
 I - a +1 pair of boots (worn)
   (You found it on level 7 of the Dungeon)
 N - a +1 cloak (worn)
   (You found it on level 8 of the Dungeon)
Jewellery
 h - a cursed ring of attention {unknown}
   (You found it on level 1 of the Lair of Beasts)
 i - a ring of see invisible (right hand)
   (You found it on level 3 of the Dungeon)
 k - a ring of resist corrosion (left hand)
   (You found it on level 4 of the Dungeon)
 l - the ring of the Ageless Lovers {rC+ rN++ EV+5, unknown}
   (You found it on level 1 of the Lair of Beasts)

   [ring of evasion]

   It affects your evasion (+5).
   It protects you from cold.
   It greatly protects you from negative energy.
 A - a cursed ring of teleportation {unknown}
   (You found it on level 6 of the Dungeon)
 B - an uncursed ring of stealth {unknown}
   (You found it on level 7 of the Dungeon)
 R - an uncursed ring of stealth {unknown}
   (You found it on level 9 of the Dungeon)
 T - an uncursed ring of flight {unknown}
   (You found it on level 10 of the Dungeon)
Wands
 u - a wand of enslavement (10)
   (You found it on level 5 of the Dungeon)
 v - a wand of digging (7)
   (You found it on level 6 of the Dungeon)
 K - a wand of acid (20)
   (You found it on level 7 of the Dungeon)
 P - a wand of paralysis (18)
   (You found it on level 8 of the Dungeon)
Scrolls
 b - 6 scrolls of remove curse
 f - a scroll of immolation
 p - 2 scrolls of silence
 r - a scroll of identify
 x - a scroll of enchant armour
 y - 4 scrolls of enchant weapon
Potions
 d - a potion of might
 g - 2 potions of ambrosia
 j - 4 potions of flight
 n - a potion of resistance
 o - a potion of brilliance {unknown}
 q - 4 potions of curing
 z - 3 potions of degeneration {unknown}
 O - 2 potions of stabbing {unknown}
 S - a potion of haste {unknown}
 U - 2 potions of magic {unknown}
Comestibles
 e - 30 rations
 s - 3 chunks of flesh


   Skills:
 + Level 9.2(7.1) Fighting
 * Level 14.2(11.8) Axes
 + Level 10.8(8.6) Armour
 + Level 10.9(8.7) Shields
 + Level 8.6(6.6) Invocations


You had 11 spell levels left.
You didn't know any spells.
Your spell library was empty.

Dungeon Overview and Level Annotations

Branches:
Dungeon (11/15)            Temple (1/1) D:7            Lair (3/6) D:11
  Swamp (0/4) Lair:2          Orc (0/2) D:11          Sewer (visited)
 Bailey (visited)
  Snake: Lair:2-4    Spider: Lair:2-4

Altars:
Cheibriados
Elyvilon
Gozag
Makhleb
Nemelex Xobeh
Okawaru
Qazlal
Ru
Sif Muna
Trog
Xom
Yredelemnul
Zin
The Shining One

Annotations:
D:7 2 transporters, Flugslaktarn's ghost, novice DDFi
Lair:3 Snorg


Innate Abilities, Weirdness & Mutations

You are resistant to damage.
You can heal yourself by infusing magical energy.
You passively map the area around you.
You do not regenerate.


Message History

* * * LOW HITPOINT WARNING * * *
Snorg claws you.
* * * LOW HITPOINT WARNING * * *
Snorg claws you but does no damage. The komodo dragon bites you.
* * * LOW HITPOINT WARNING * * *
You feel much better.
The sentinel's mark upon you fades away.
Snorg bites you but does no damage. Snorg completely misses you.
You block Snorg's attack. The komodo dragon bites you!
* * * LOW HITPOINT WARNING * * *
As you read the scroll of teleportation, it crumbles to dust.
You feel strangely unstable. Snorg bites you!
* * * LOW HITPOINT WARNING * * *
Snorg claws you. Snorg claws you but does no damage. You block Snorg's attack.
Snorg claws you!
* * * LOW HITPOINT WARNING * * *
Snorg claws you!
* * * LOW HITPOINT WARNING * * *
The komodo dragon bites you!!
You die...

,, , ,, * ,*
*.......... , **
* .......... , ,
,, , ##........ ,
*** ##.......# **
, * , #........#
* , ,
#####.#..<..##* ,
, ........Tl...#
**
,.>.....†@....# *
,*
,.............#
........†..).#
#..#
,............##
#..# ,
,.........÷..#
*..# ,
.P.P#.#.##..# ..#
, , ..########..#
## #.# , .*
#...####.#### #.#
, *
##...##.##..###.#


You could see Snorg (berserk) and a komodo dragon.

Vanquished Creatures
  Gastronok (Lair:2)
  Harold (D:7)
  Erica (Lair:2)
  Nergalle (Lair:2)
  The ghost of emiel the Changer, a novice OpWn of Cheibriados (Lair:1)
  2 orc knights (Bailey)
  An ugly thing (D:11)
  2 centaur zombies
  3 black mambas
  A spiny frog (Lair:2)
  4 gargoyles (D:7)
  A rime drake (Lair:1)
  4 blink frogs (Lair:1)
  2 hornets (D:9)
  Grinder (D:4)
  3 slime creatures (D:5)
  2 hippogriffs (Lair:2)
  2 spectral black mambas (Lair:1)
  A redback (Lair:3)
  3 wyverns
  19 yaks
  2 basilisks (Lair:2)
  2 hungry ghosts
  5 vampire mosquitoes (Lair:2)
  A soldier ant (D:9)
  2 wargs (D:11)
  A hydra simulacrum (Lair:1)
  6 water moccasins
  5 porcupines
  3 sky beasts
  2 necrophages
  6 orc warriors
  2 black bears
  2 black mamba simulacra (Lair:1)
  11 wolves
  3 centaurs
  4 ogres
  5 crocodiles
  6 big kobolds
  18 bullfrogs
  5 scorpions
  16 killer bees
  An electric eel (Lair:3)
  5 crimson imps
  4 hounds
  A quasit (D:10)
  A komodo dragon simulacrum (Lair:1)
  4 centaur skeletons
  4 jellies
  16 orc wizards
  8 orc priests
  9 worker ants
  A hound skeleton (D:5)
  10 gnolls
  8 adders
  A shadow imp (D:10)
  A white imp (D:4)
  7 oozes
  A worm (D:4)
  4 dart slugs
  7 leopard geckos
  57 orcs
  3 ball pythons
  8 giant cockroaches
  9 goblins
  8 hobgoblins
  2 jackals (D:5)
  3 quokkas
  3 bats
  A frilled lizard (Sewer)
  A goblin zombie (D:4)
  2 hobgoblin zombies (D:4)
  23 kobolds
  5 kobold zombies (D:4)
  3 quokka skeletons
  A quokka zombie (D:6)
  2 rats
  A fungus (D:5)
  A plant (Lair:2)
389 creatures vanquished.

Vanquished Creatures (collateral kills)
  2 hydras
  A yak (Lair:1)
3 creatures vanquished.

Vanquished Creatures (others)
  10 toadstools (D:5)
10 creatures vanquished.

Grand Total: 402 creatures vanquished

Notes
Turn   | Place    | Note
-------+----------+-------------------------------------------
     0 | D:1      | Flugslaktarn the Deep Dwarf Fighter began the quest for the
                  | Orb.
     0 | D:1      | Reached XP level 1. HP: 20/20 MP: 1/1
    32 | D:1      | Reached XP level 2. HP: 27/27 MP: 2/2
   242 | D:2      | Reached skill level 3 in Axes
   253 | D:3      | Reached XP level 3. HP: 26/33 MP: 3/3
   468 | D:4      | Reached XP level 4. HP: 42/42 MP: 4/4
   503 | D:4      | Reached skill level 4 in Axes
   504 | D:4      | Reached XP level 5. HP: 49/49 MP: 5/5
   613 | D:4      | Found a snail-covered altar of Cheibriados.
   693 | D:4      | Noticed Grinder
   706 | D:4      | Paralysed by Grinder for 7 turns
   719 | D:4      | Killed Grinder
   719 | D:4      | Reached skill level 5 in Axes
   719 | D:4      | Reached XP level 6. HP: 49/57 MP: 6/6
   755 | D:4      | Found a glowing golden altar of the Shining One.
   804 | D:4      | Reached XP level 7. HP: 41/64 MP: 7/7
   986 | D:4      | Reached skill level 5 in Shields
   988 | D:4      | Reached skill level 5 in Armour
  1415 | D:5      | Entered Level 5 of the Dungeon
  1420 | D:5      | Reached skill level 6 in Axes
  1475 | D:5      | Reached XP level 8. HP: 34/73 MP: 8/8
  1579 | D:5      | Reached skill level 7 in Axes
  1634 | D:5      | Got a warped hand axe
  1635 | D:5      | Identified the +8 hand axe "Hiturhes" {freeze, rF+ Int+4
                  | Dex+3} (You found it on level 5 of the Dungeon)
  1905 | D:5      | Reached skill level 5 in Fighting
  1930 | D:5      | Noticed a slime creature
  1930 | D:5      | Noticed a slime creature
  1930 | D:5      | Noticed a slime creature
  1939 | D:5      | Killed a slime creature
  1939 | D:5      | Reached skill level 8 in Axes
  1975 | D:5      | Killed a slime creature
  1976 | D:5      | Killed a slime creature
  1976 | D:5      | Gained mutation: You passively map the area around you.
                  | [Deep Dwarf growth]
  1976 | D:5      | Reached XP level 9. HP: 44/81 MP: 7/7
  2239 | D:6      | Found a shimmering blue altar of Sif Muna.
  2419 | D:6      | Reached skill level 9 in Axes
  2473 | D:6      | Found an opulent altar of Gozag.
  2619 | D:6      | Found a glowing drain.
  2627 | Sewer    | Entered a sewer
  2795 | D:6      | Found a glowing silver altar of Zin.
  2805 | D:6      | Found an iron altar of Okawaru.
  2855 | D:7      | Noticed a gargoyle
  2857 | D:7      | Noticed a gargoyle
  2859 | D:7      | Noticed a gargoyle
  2859 | D:7      | Noticed a gargoyle
  2865 | D:7      | Killed a gargoyle
  2876 | D:7      | Killed a gargoyle
  2879 | D:7      | Killed a gargoyle
  2891 | D:7      | Killed a gargoyle
  2891 | D:7      | Reached skill level 10 in Axes
  2908 | D:7      | Reached XP level 10. HP: 47/92 MP: 8/8
  2920 | D:7      | Noticed Flugslaktarn's ghost (novice DDFi)
  2933 | D:7      | Found a transporter.
  3057 | D:7      | Noticed Harold
  3075 | D:7      | Killed Harold
  3381 | D:7      | Found a transporter.
  3507 | D:7      | Found a staircase to the Ecumenical Temple.
  3516 | Temple   | Entered the Ecumenical Temple
  3529 | Temple   | Became a worshipper of Makhleb the Destroyer
  3660 | D:8      | Reached skill level 1 in Invocations
  3942 | D:8      | Reached skill level 11 in Axes
  4027 | D:8      | Reached * piety under Makhleb
  4072 | D:8      | Found a flagged portal.
  4080 | Bailey   | Entered a bailey
  4090 | Bailey   | Noticed an orc knight
  4099 | Bailey   | Noticed an orc knight
  4114 | Bailey   | Killed an orc knight
  4147 | Bailey   | Killed an orc knight
  4518 | D:9      | Reached ** piety under Makhleb
  4520 | D:9      | Reached XP level 11. HP: 100/100 MP: 10/10
  4581 | D:9      | Paralysed by a hornet for 3 turns
  5018 | D:9      | Reached skill level 12 in Axes
  5246 | D:10     | Entered Level 10 of the Dungeon
  5290 | D:10     | Reached skill level 5 in Invocations
  5291 | D:10     | Reached *** piety under Makhleb
  5791 | D:11     | Found a staircase to the Lair.
  5792 | D:11     | Noticed a purple ugly thing
  5808 | D:11     | Killed a purple ugly thing
  5811 | D:11     | Reached **** piety under Makhleb
  5837 | Lair:1   | Entered Level 1 of the Lair of Beasts
  5984 | Lair:1   | Reached skill level 10 in Shields
  6040 | Lair:1   | Reached XP level 12. HP: 105/112 MP: 13/13
  6077 | Lair:1   | Reached skill level 13 in Axes
  6239 | Lair:1   | Got a smoking silver ring
  6272 | Lair:1   | Noticed a five-headed hydra
  6286 | Lair:1   | Killed a 12-headed hydra
  6316 | Lair:1   | Reached skill level 10 in Armour
  6366 | Lair:1   | Found a runed translucent gate.
  6366 | Lair:1   | Found a runed translucent gate.
  6367 | Lair:1   | Found a runed translucent gate.
  6373 | Lair:1   | Noticed emiel's ghost (novice OpWn)
  6595 | Lair:2   | Found a staircase to the Swamp.
  6661 | Lair:1   | Killed emiel's ghost
  6720 | Lair:2   | Reached ***** piety under Makhleb
  6911 | Lair:2   | Noticed Erica
  6924 | Lair:2   | Killed Erica
  6925 | Lair:2   | Noticed Gastronok
  6958 | Lair:2   | Killed Gastronok
  7046 | Lair:2   | Reached skill level 14 in Axes
  7080 | Lair:2   | Noticed Nergalle
  7081 | Lair:2   | Noticed an eight-headed hydra
  7283 | Lair:2   | Killed Nergalle
  7310 | Lair:2   | Killed an 18-headed hydra
  7792 | Lair:3   | Noticed Snorg
  7805 | Lair:3   | Mangled by a komodo dragon

Levels and vault maps discovered:
D:1:      lightli_iron_boxes, layout_basic, minmay_misc_feat_tower,
          minmay_fountain_box, minmay_octomino_c4
D:2:      layout_basic, nicolae_overflow_crystal_walls,
          kennysheep_jessica_study, uniq_crazy_yiuf_cottage
D:3:      layout_rooms, nicolae_dithmenos_shadow_blocks
D:4:      layout_gridville, kennysheep_slug_shrine,
          nicolae_tso_besieged_by_evil, minmay_hedge_maze, uniq_grinder
D:5:      cheibrodos_fertilizer, layout_basic, first_ration
D:6:      layout_rooms, overflow_temple_1_default,
          amethyst_overflow_temple_binary, gup_sewer_entry_pipe,
          hex_intersection, grunt_gozag_breadcrumbs
D:7:      cheibrodos_statue_roulette, layout_basic,
          minmay_temple_entry_poolview, gammafunk_ghost_hive, uniq_harold
D:8:      minmay_clustersquares, layout_loops_ring, enter_bailey_3
D:9:      layout_loops_ring, hangedman_pestilent_swarm
D:10:     layout_rooms, st_stairs_9, chequers_arboretum
D:11:     layout_rooms, erik_lair_orcish_takeover, orc_0_dummy,
          portal_ice_cave_entry_pillars_2, grunt_decor_clamped
Temple:   eino_wide_crystal_templ
Lair:1:   layout_gridlike, gammafunk_ghost_necromancy, lemuel_fruit_tree
Lair:2:   layout_small_grid, minmay_swamp_entry_swarm, grunt_megastairs_5,
          uniq_nergalle, uniq_gastronok, uniq_erica
Lair:3:   layout_chaotic_city, spider_nest_entry_rubble, serial_bayou_shore_b,
          serial_bayou_shore_b, serial_bayou_shore_b, uniq_snorg

Skill      XL: |  1  2  3  4  5  6  7  8  9 10 11 12 |
---------------+-------------------------------------+-----
Axes           | 3 4 5 6 8 10 11 12 14 | 14.2
Fighting       | 3 4 5 6 7 8 9 |  9.2
Armour         | 4 5 6 7 8 9 10 | 10.8
Shields        | 4 5 6 7 8 10 | 10.9
Invocations    | 3 6 8 |  8.6

Action                   |  1- 3 |  4- 6 |  7- 9 | 10-12 || total
-------------------------+-------+-------+-------+-------++-------
Melee: War axe           |    90 |   104 |   147 |       ||   341
       Hand axe          |       |       |   126 |   724 ||   850
Invok: Lesser Servant of |       |       |       |     7 ||     7
 Abil: Heal Wounds       |     1 |     2 |    12 |    19 ||    34
  Use: Scroll            |       |       |       |    23 ||    23
       Potion            |       |       |       |     2 ||     2
  Eat: Chunk             |       |       |     7 |    20 ||    27
Armor: Scale mail        |    43 |       |       |       ||    43
       Chain mail        |     1 |    54 |   149 |   492 ||   696
Dodge: Dodged            |    26 |    15 |    71 |   301 ||   413
Block: Kite shield       |    52 |    54 |   179 |   609 ||   894

Table legend:
 A = Non-vault XP
 B = Vault XP
 C = Vault XP percentage of total XP
 D = Non-vault monster count
 E = Vault monster count
 F = Vault count percentage of total count
                 A         B        C        D         E       F
            +---------+---------+-------+---------+---------+-------
      Total |   21106 |   15541 |  42.4 |     278 |     112 |  28.7
            +---------+---------+-------+---------+---------+-------
        D:1 |      23 |      14 |  37.8 |      10 |       7 |  41.2
        D:2 |       2 |       0 |   0.0 |       1 |       0 |   0.0
        D:3 |      51 |       0 |   0.0 |      10 |       0 |   0.0
        D:4 |     569 |     290 |  33.8 |      40 |      11 |  21.6
        D:5 |    1235 |     878 |  41.6 |      36 |      17 |  32.1
        D:6 |     439 |      19 |   4.1 |      12 |       8 |  40.0
        D:7 |     576 |    2560 |  81.6 |       3 |       5 |  62.5
        D:8 |    1408 |     911 |  39.3 |      30 |      13 |  30.2
        D:9 |    2663 |     759 |  22.2 |      46 |       4 |   8.0
       D:10 |    2464 |     132 |   5.1 |      30 |       1 |   3.2
       D:11 |     713 |     626 |  46.8 |       3 |       9 |  75.0
     Lair:1 |    6181 |    1665 |  21.2 |      30 |       7 |  18.9
     Lair:2 |    3614 |    5807 |  61.6 |      20 |      12 |  37.5
     Lair:3 |    1168 |     216 |  15.6 |       7 |       1 |  12.5
      Sewer |       0 |       1 | 100.0 |       0 |       1 | 100.0
     Bailey |       0 |    1663 | 100.0 |       0 |      16 | 100.0
            +---------+---------+-------+---------+---------+-------
